 Dungeon Crawl Stone Soup version 0.14-a0-2810-g474977d (webtiles) character file.

375 HollowCharge the Cutter (level 4, -14/34 HPs)
             Began as a Vampire Gladiator on Feb 25, 2014.
             Demolished by an ogre
             ... wielding a +0,+0 giant club
              (19 damage)
             ... on Level 4 of the Dungeon.
             The game lasted 00:11:38 (3248 turns).

HollowCharge the Cutter (Vampire Gladiator)         Turns: 3248, Time: 00:11:39

HP -14/34        AC 13     Str 14      XL: 4   Next: 79%
MP   4/4         EV  6     Int 10      God:
Gold 252         SH  0     Dex 15      Spells:  0 memorised,  3 levels left

rFire  . . .     SeeInvis +     m - +0,+3 short sword (drain)
rCold  . . .     Clarity  .     v - +2 chain mail {MR+}
rNeg   . . .     Conserve .     (no shield)
rPois  .         rCorr    .     c - +0 helmet
rElec  .         rRot     .     (no cloak)
SustAb . .       Spirit   .     n - +0 pair of gloves
rMut   .         Warding  .     u - +0 pair of boots
Saprov . . .     Stasis   .     (no amulet)
MR     +....                    (no ring)
                                x - +1 ring of evasion

@: regenerating quickly, somewhat resistant to hostile enchantments, extremely
unstealthy
A: fangs 3, see invisible, unbreathing
a: no special abilities


You were on level 4 of the Dungeon.
You were full.

You visited 1 branch of the dungeon, and saw 4 of its levels.

You collected 252 gold pieces.

Inventory:

Hand weapons
 k - a +1,+1 short sword
 m - a +0,+3 short sword of draining (weapon)
 y - a +2,+0 crossbow
Missiles
 d - 2 throwing nets (quivered)
Armour
 c - a +0 helmet (worn)
 n - a +0 pair of gloves (worn)
 u - a +0 pair of boots (worn)
 v - a +2 chain mail of magic resistance (worn)
Scrolls
 a - 4 scrolls of teleportation
 b - a scroll of amnesia
 e - a scroll of enchant weapon I {unknown}
 f - 2 scrolls of remove curse
 g - 3 scrolls of identify
 j - a scroll of curse armour {unknown}
 p - a scroll of curse jewellery {unknown}
 z - a scroll of recharging {unknown}
Jewellery
 i - a +5 ring of intelligence
 x - a +1 ring of evasion (left hand)
Potions
 h - 4 potions of agility
 l - 3 potions of speed {unknown}
 o - 4 potions of curing
 q - a potion of confusion {unknown}
 s - a potion of mutation {unknown}
 t - 2 potions of invisibility {unknown}
 w - a potion of berserk rage {unknown}
Books
 r - a book of Frost

   Spells                             Type                      Level
   Freeze                             Ice                          1
   Throw Frost                        Conjuration/Ice              2
   Ozocubu's Armour                   Charms/Ice                   3
   Throw Icicle                       Conjuration/Ice              4
   Summon Ice Beast                   Ice/Summoning                4
   Condensation Shield                Ice                          4


   Skills:
 + Level 2.8 Fighting
 * Level 4.6 Short Blades
 - Level 1.5 Throwing
 + Level 1.0 Armour
 - Level 3.4 Dodging
 + Level 2.4 Stealth


You had 3 spell levels left.
You didn't know any spells.

Dungeon Overview and Level Annotations

Branches:
Dungeon (4/16)
 Temple: D:4-7

Altars:
Elyvilon
Okawaru
Xom
The Shining One


Innate Abilities, Weirdness & Mutations

Your natural rate of healing is unusually fast.
You have razor-sharp teeth.*
You have supernaturally acute eyesight.
You can survive without breathing.*


Message History

You barely miss the ogre. You hit the ogre.
You bite the ogre, but do no damage.
The ogre is lightly wounded.
The ogre hits you but does no damage.
You hit the ogre. You drain the ogre!
The ogre is moderately wounded.
The ogre hits you with a giant club!
* * * LOW HITPOINT WARNING * * *
You barely miss the ogre.
The ogre is moderately wounded.
You hit the ogre. You drain the ogre!
The ogre is severely wounded.
The ogre hits you but does no damage.
You closely miss the ogre.
The ogre is severely wounded.
You hit the ogre.
The ogre is almost dead.
The ogre hits you with a giant club!
Ouch! That really hurt!
You die...

##### ...#... .
...# #.#..#
..##.#..# # .
#.......O#.# .#. .#
. #.#.@#.# .#. .<.
...##......# .#.
..###......#.###
... ... .......+..#
...##.# #.#....#..#
......# #.#....#..#
#.O..# #.#....#..##
#....#
#.#........########
#....#
#.#..).#..........#


You could see an ogre.

Vanquished Creatures
  A giant mite (D:2)
  Terence (D:2)
  5 adders
  A giant gecko (D:1)
  An ooze (D:2)
  2 orcs (D:3)
  2 worms
  2 ball pythons
  2 giant cockroaches (D:3)
  6 goblins
  8 hobgoblins
  8 jackals
  13 kobolds
  A quokka (D:2)
  10 bats
  3 giant newts
  5 rats
71 creatures vanquished.

Notes
Turn   | Place    | Note
--------------------------------------------------------------
     0 | D:1      | HollowCharge, the Vampire Gladiator, began the quest for the Orb.
     0 | D:1      | Reached XP level 1. HP: 16/16 MP: 1/1
   166 | D:1      | Reached skill level 1 in Stealth
   345 | D:1      | Reached XP level 2. HP: 11/22 MP: 2/2
  1393 | D:2      | Reached XP level 3. HP: 21/28 MP: 3/3
  1746 | D:2      | Noticed Terence
  1763 | D:2      | Killed Terence
  2067 | D:3      | Reached skill level 4 in Short Blades
  2141 | D:3      | Reached XP level 4. HP: 34/34 MP: 4/4
  2142 | D:3      | Found an iron altar of Okawaru.
  2279 | D:3      | Found a glowing golden altar of the Shining One.
  2841 | D:4      | Found a white marble altar of Elyvilon.
  2987 | D:4      | Found a shimmering altar of Xom.
  2997 | D:4      | Reached skill level 1 in Armour
  3181 | D:4      | Noticed an ogre
  3248 | D:4      | Demolished by an ogre

Action                   |  1- 3 |  4- 6 || total
-------------------------+-------+-------++-------
Melee: Short sword       |   140 |    69 ||   209
Throw: Throwing net      |     1 |       ||     1
  Use: Scroll            |     8 |     4 ||    12
 Stab: Held in net/web   |     1 |       ||     1
